PCL
ALBUQUERQUE ISOTOPES @ VANCOUVER VIPERS
05/19/2028
 
TOP OF THE 1ST
Albuquerque Isotopes batting - Pitching for Vancouver Vipers : RHP Jeffrey Campbell
Pitching: RHP Jeffrey Campbell
Batting: RHB Gonzalo Gil 0-0: Called Strike
0-1: Ball
1-1: Ball
2-1: Ball
3-1: Base on Balls
Batting: LHB José González 0-0: Ball
Gonzalo Gil steals 2nd base
1-0: Called Strike
1-1: Called Strike
1-2: Foul Ball, location: 2F
1-2: Fly out, F8 (Flyball, 8LXD)
Runner from 2nd tags up, SAFE at 3rd, no throw
Batting: RHB Nick Harris 0-0: Foul Ball, location: 2F
0-1: Ball
1-1: Ball
2-1: Fly out, F9 (Line Drive, 9)
Runner from 3rd tags up, SCORES, no throw
Batting: RHB Will Lott 0-0: Ball
1-0: Ball
2-0: Ball
3-0: Base on Balls
Batting: LHB Bernardo Montés 0-0: Ball
1-0: 2-RUN HOME RUN (Flyball, 9D), Distance : 368 ft
Batting: RHB Brett Bell 0-0: Ball
1-0: Foul Ball, location: 2F
1-1: Called Strike
1-2: Ground out 5-3 (Groundball, 56)
Top of the 1st over - 3 run(s), 1 hit(s), 0 error(s), 0 left on base; Albuquerque 3 - Vancouver 0
BOTTOM OF THE 1ST
Vancouver Vipers batting - Pitching for Albuquerque Isotopes : LHP Rick Wilson
Pitching: LHP Rick Wilson
Batting: RHB Víctor Arredondo 0-0: Ground out 6-3 (Groundball, 6)
Batting: RHB Sergio Pujols 0-0: Swinging Strike
0-1: Ball
1-1: Ball
2-1: Ball
3-1: Base on Balls
Batting: SHB Henry Copeland 0-0: Ball
1-0: Called Strike
1-1: Called Strike
1-2: Grounds into double play, 5-4-3 (Groundball, 56)
Bottom of the 1st over - 0 run(s), 0 hit(s), 0 error(s), 0 left on base; Albuquerque 3 - Vancouver 0
TOP OF THE 2ND
Albuquerque Isotopes batting - Pitching for Vancouver Vipers : RHP Jeffrey Campbell
Batting: RHB Mike Ingram 0-0: Ball
1-0: Swinging Strike
1-1: Ground out 5-3 (Groundball, 56)
Batting: RHB Sam Wallace 0-0: Ball
1-0: Ground out 6-3 (Groundball, 6)
Batting: RHB Dave Mullen 0-0: Ball
1-0: Foul Ball, location: 2F
1-1: Foul Ball, location: 2F
1-2: Strikes out swinging
Top of the 2nd over - 0 run(s), 0 hit(s), 0 error(s), 0 left on base; Albuquerque 3 - Vancouver 0
BOTTOM OF THE 2ND
Vancouver Vipers batting - Pitching for Albuquerque Isotopes : LHP Rick Wilson
Batting: RHB Lorenzo González 0-0: Ball
1-0: Called Strike
1-1: Ball
2-1: Called Strike
2-2: Ground out 4-3 (Groundball, 4)
Batting: RHB Marvin Workman 0-0: Ball
1-0: Ball
2-0: Fly out, F7 (Line Drive, 7)
Batting: RHB Steve Bender 0-0: Called Strike
0-1: Ball
1-1: Ground out 6-3 (Groundball, 6)
Bottom of the 2nd over - 0 run(s), 0 hit(s), 0 error(s), 0 left on base; Albuquerque 3 - Vancouver 0
TOP OF THE 3RD
Albuquerque Isotopes batting - Pitching for Vancouver Vipers : RHP Jeffrey Campbell
Batting: RHB Gonzalo Gil 0-0: Ball
1-0: Called Strike
1-1: Ball
2-1: SINGLE (Groundball, 34D)
Batting: LHB José González 0-0: Called Strike
0-1: Ball
1-1: Called Strike
1-2: Ball
2-2: SINGLE (Groundball, 34) (infield hit)
Gonzalo Gil to second
Batting: RHB Nick Harris 0-0: Ball
1-0: Foul Ball, location: 2F
1-1: Ball
2-1: Foul Ball, location: 2F
2-2: Ball
3-2: Base on Balls
Gonzalo Gil to third
José González to second
Batting: RHB Will Lott 0-0: Ball
1-0: Ball
2-0: Foul Ball, location: 2F
2-1: Ball
3-1: Base on Balls
Gonzalo Gil scores
José González to third
Nick Harris to second
Batting: LHB Bernardo Montés 0-0: Foul Ball, location: 2F
0-1: Ball
1-1: Swinging Strike
1-2: Ball
2-2: Ball
3-2: Base on Balls
José González scores
Nick Harris to third
Will Lott to second
Batting: RHB Brett Bell 0-0: Grounds into double play, 6-4-3 (Groundball, 6)
Nick Harris scores
Will Lott to third
Pitching: RHP Mark Greene
Batting: RHB Mike Ingram 0-0: Foul Ball, location: 2F
0-1: Swinging Strike
0-2: Foul Ball, location: 2F
0-2: Ball
1-2: Strikes out looking
Top of the 3rd over - 3 run(s), 2 hit(s), 0 error(s), 1 left on base; Albuquerque 6 - Vancouver 0
BOTTOM OF THE 3RD
Vancouver Vipers batting - Pitching for Albuquerque Isotopes : LHP Rick Wilson
Batting: RHB Ryan Parrish 0-0: Called Strike
0-1: Ground out 6-3 (Groundball, 6S)
Batting: LHB Mike Williams 0-0: SINGLE (Groundball, 3S) (infield hit)
Batting: RHB David Canseco 0-0: Ball
1-0: Called Strike
1-1: Ball
2-1: Ball
3-1: Base on Balls
Mike Williams to second
Batting: RHB Víctor Arredondo 0-0: Ball
1-0: Foul Ball, location: 2F
1-1: Fielders Choice at 2nd, 6-4 (Groundball, 6)
Mike Williams to third
Batting: RHB Sergio Pujols 0-0: Ball
1-0: Ball
2-0: Called Strike
2-1: Foul Ball, location: 2F
2-2: Foul Ball, location: 2F
2-2: Ball
3-2: Foul Ball, location: 2F
3-2: Base on Balls
Víctor Arredondo to second
Batting: SHB Henry Copeland 0-0: Called Strike
0-1: Swinging Strike
0-2: Ball
1-2: Strikes out swinging
Bottom of the 3rd over - 0 run(s), 1 hit(s), 0 error(s), 3 left on base; Albuquerque 6 - Vancouver 0
TOP OF THE 4TH
Albuquerque Isotopes batting - Pitching for Vancouver Vipers : RHP Mark Greene
Batting: RHB Sam Wallace 0-0: Foul Ball, location: 2F
0-1: Ball
1-1: Fly out, F9 (Flyball, 9LSF)
Batting: RHB Dave Mullen 0-0: Fly out, F9 (Flyball, 9)
Batting: RHB Gonzalo Gil 0-0: Ball
1-0: Ground out 5-3 (Groundball, 56S)
Top of the 4th over - 0 run(s), 0 hit(s), 0 error(s), 0 left on base; Albuquerque 6 - Vancouver 0
BOTTOM OF THE 4TH
Vancouver Vipers batting - Pitching for Albuquerque Isotopes : LHP Rick Wilson
Batting: RHB Lorenzo González 0-0: Called Strike
0-1: Foul Ball, location: 2F
0-2: Ball
1-2: Strikes out swinging
Batting: RHB Marvin Workman 0-0: Called Strike
0-1: Swinging Strike
0-2: Ball
1-2: Foul Ball, location: 2F
1-2: Foul Ball, location: 2F
1-2: Ground out 5-3 (Groundball, 56S)
Batting: RHB Steve Bender 0-0: Ground out 4-3 (Groundball, 4)
Bottom of the 4th over - 0 run(s), 0 hit(s), 0 error(s), 0 left on base; Albuquerque 6 - Vancouver 0
TOP OF THE 5TH
Albuquerque Isotopes batting - Pitching for Vancouver Vipers : RHP Mark Greene
Batting: LHB José González 0-0: Swinging Strike
0-1: Foul Ball, location: 2F
0-2: Strikes out swinging
Batting: RHB Nick Harris 0-0: SINGLE (Flyball, 89S)
Batting: RHB Will Lott 0-0: Ball
1-0: Ball
2-0: Ball
3-0: Called Strike
3-1: Called Strike
3-2: Foul Ball, location: 2F
3-2: Base on Balls
Nick Harris to second
Batting: LHB Bernardo Montés 0-0: Called Strike
0-1: Ball
1-1: Grounds into double play, 4-6-3 (Groundball, 4)
Top of the 5th over - 0 run(s), 1 hit(s), 0 error(s), 1 left on base; Albuquerque 6 - Vancouver 0
BOTTOM OF THE 5TH
Vancouver Vipers batting - Pitching for Albuquerque Isotopes : LHP Rick Wilson
Batting: RHB Ryan Parrish 0-0: Ball
1-0: DOUBLE (Flyball, 78XD)
Batting: LHB Mike Williams 0-0: Ball
Ryan Parrish is caught stealing 3rd base
1-0: Ball
2-0: Ball
3-0: Base on Balls
Batting: RHB David Canseco 0-0: Swinging Strike
0-1: Swinging Strike
0-2: Ball
1-2: Foul Ball, location: 2F
1-2: Foul Ball, location: 2F
1-2: Ball
2-2: Grounds into double play, 6-4-3 (Groundball, 6)
Bottom of the 5th over - 0 run(s), 1 hit(s), 0 error(s), 0 left on base; Albuquerque 6 - Vancouver 0
TOP OF THE 6TH
Albuquerque Isotopes batting - Pitching for Vancouver Vipers : RHP Mark Greene
Batting: RHB Brett Bell 0-0: Called Strike
0-1: Called Strike
0-2: Ground out 6-3 (Groundball, 6)
Batting: RHB Mike Ingram 0-0: Foul Ball, location: 2F
0-1: Foul Ball, location: 2F
0-2: Strikes out swinging
Batting: RHB Sam Wallace 0-0: SINGLE (Line Drive, 8LS)
Batting: RHB Dave Mullen 0-0: Called Strike
0-1: Called Strike
0-2: Ground out 5-3 (Groundball, 56S)
Top of the 6th over - 0 run(s), 1 hit(s), 0 error(s), 1 left on base; Albuquerque 6 - Vancouver 0
BOTTOM OF THE 6TH
Vancouver Vipers batting - Pitching for Albuquerque Isotopes : LHP Rick Wilson
Batting: RHB Víctor Arredondo 0-0: Ball
1-0: Foul Ball, location: 2F
1-1: Called Strike
1-2: Strikes out looking
Batting: RHB Sergio Pujols 0-0: Swinging Strike
0-1: Ball
1-1: Ball
2-1: Called Strike
2-2: Ball
3-2: Base on Balls
Batting: SHB Henry Copeland 0-0: Swinging Strike
0-1: Ball
1-1: Ball
2-1: Ball
3-1: Grounds into double play, 6-4-3 (Groundball, 6)
Bottom of the 6th over - 0 run(s), 0 hit(s), 0 error(s), 0 left on base; Albuquerque 6 - Vancouver 0
TOP OF THE 7TH
Albuquerque Isotopes batting - Pitching for Vancouver Vipers : RHP Mark Greene
Batting: RHB Gonzalo Gil 0-0: Ball
1-0: Called Strike
1-1: Ball
2-1: Called Strike
2-2: Fly out, F7 (Flyball, 7)
Batting: LHB José González 0-0: Called Strike
0-1: Called Strike
0-2: SINGLE (Line Drive, 4)
Batting: RHB Nick Harris 0-0: Ball
1-0: Ball
2-0: Ball
3-0: Called Strike
3-1: Base on Balls
José González to second
Batting: RHB Will Lott 0-0: Ball
1-0: Ball
2-0: Ball
3-0: Called Strike
3-1: Foul Ball, location: 2F
3-2: Foul Ball, location: 2F
3-2: Strikes out looking
Batting: LHB Bernardo Montés 0-0: Ball
1-0: Ground out 5-3 (Groundball, 56S)
Top of the 7th over - 0 run(s), 1 hit(s), 0 error(s), 2 left on base; Albuquerque 6 - Vancouver 0
BOTTOM OF THE 7TH
Vancouver Vipers batting - Pitching for Albuquerque Isotopes : LHP Rick Wilson
Batting: RHB Lorenzo González 0-0: Called Strike
0-1: Ball
1-1: Called Strike
1-2: Foul Ball, location: 2F
1-2: Ball
2-2: Fly out, F8 (Flyball, 8LD)
Batting: RHB Marvin Workman 0-0: Ball
1-0: Ball
2-0: Called Strike
2-1: Ball
3-1: Foul Ball, location: 2F
3-2: Foul Ball, location: 2F
3-2: Ground out 4-3 (Groundball, 4)
Batting: RHB Steve Bender 0-0: Called Strike
0-1: Swinging Strike
0-2: Ground out 1-3 (Groundball, P)
Bottom of the 7th over - 0 run(s), 0 hit(s), 0 error(s), 0 left on base; Albuquerque 6 - Vancouver 0
TOP OF THE 8TH
Albuquerque Isotopes batting - Pitching for Vancouver Vipers : RHP Mark Greene
Pitching: RHP Sergio Romo
Batting: RHB Brett Bell 0-0: Ball
1-0: Fly out, F9 (Flyball, 9S)
Batting: RHB Mike Ingram 0-0: Foul Ball, location: 2F
0-1: Ball
1-1: Ball
2-1: Called Strike
2-2: Ball
3-2: Base on Balls
Batting: RHB Sam Wallace 0-0: Called Strike
0-1: Grounds into double play, 6-4-3 (Groundball, 6)
Top of the 8th over - 0 run(s), 0 hit(s), 0 error(s), 0 left on base; Albuquerque 6 - Vancouver 0
BOTTOM OF THE 8TH
Vancouver Vipers batting - Pitching for Albuquerque Isotopes : LHP Rick Wilson
Now at SS: Luis Martínez
Now in LF: A.J. Major
Batting: RHB Ryan Parrish 0-0: Called Strike
0-1: Foul Ball, location: 2F
0-2: Strikes out looking
Pitching: RHP Howard Joyce
Batting: LHB Mike Williams 0-0: Ball
1-0: Ball
2-0: Ball
3-0: Called Strike
3-1: Swinging Strike
3-2: Strikes out swinging
Batting: RHB David Canseco 0-0: Ball
1-0: Called Strike
1-1: SINGLE (Groundball, 13) (infield hit)
Batting: RHB Víctor Arredondo 0-0: Called Strike
0-1: Ball
1-1: 2-RUN HOME RUN (Flyball, 8LXD), Distance : 433 ft
Batting: RHB Sergio Pujols 0-0: Ball
1-0: Foul Ball, location: 2F
1-1: Foul Ball, location: 2F
1-2: Strikes out swinging
Bottom of the 8th over - 2 run(s), 2 hit(s), 0 error(s), 0 left on base; Albuquerque 6 - Vancouver 2
TOP OF THE 9TH
Albuquerque Isotopes batting - Pitching for Vancouver Vipers : RHP Sergio Romo
Batting: RHB Dave Mullen 0-0: Ball
1-0: Called Strike
1-1: SINGLE (Line Drive, 8LS)
Batting: RHB Gonzalo Gil 0-0: Ball
1-0: SINGLE (Groundball, 56) (infield hit)
Dave Mullen to second
Batting: LHB José González 0-0: Called Strike
0-1: Called Strike
0-2: Ball
1-2: Ball
2-2: Foul Ball, location: 2F
2-2: Ball
3-2: Ground out 4-3 (Groundball, 4S)
Dave Mullen to third
Gonzalo Gil to second
Batting: RHB Nick Harris 0-0: Intentional Walk
Batting: RHB Will Lott 0-0: Called Strike
0-1: Ball
1-1: Foul Ball, location: 2F
1-2: Strikes out swinging
Batting: LHB A.J. Major 0-0: Ball
1-0: Ball
2-0: Called Strike
2-1: Ball
3-1: Called Strike
3-2: Ground out 4-3 (Groundball, 34)
Top of the 9th over - 0 run(s), 2 hit(s), 0 error(s), 3 left on base; Albuquerque 6 - Vancouver 2
BOTTOM OF THE 9TH
Vancouver Vipers batting - Pitching for Albuquerque Isotopes : RHP Howard Joyce
Pitching: RHP Mike Frank
Batting: SHB Henry Copeland 0-0: Foul Ball, location: 2F
0-1: Ball
1-1: Ball
2-1: Ball
3-1: Foul Ball, location: 2F
3-2: Foul Ball, location: 2F
3-2: Base on Balls
Batting: RHB Lorenzo González 0-0: Foul Ball, location: 2F
0-1: Swinging Strike
0-2: Ball
1-2: Foul Ball, location: 2F
1-2: Foul Ball, location: 2F
1-2: Ball
2-2: Ball
3-2: Foul Ball, location: 2F
3-2: Foul Ball, location: 2F
3-2: Foul Ball, location: 2F
3-2: Foul Ball, location: 2F
3-2: Base on Balls
Henry Copeland to second
Pitching: LHP Austin Wall
Batting: RHB Marvin Workman 0-0: Foul Ball, location: 2F
0-1: Ball
1-1: Foul Ball, location: 2F
1-2: SINGLE (Groundball, 34S) (infield hit)
Henry Copeland to third
Lorenzo González to second
Batting: RHB Steve Bender 0-0: Reached via error on a dropped throw, E4
Henry Copeland scores
Lorenzo González to third
Marvin Workman to second
Batting: RHB Ryan Parrish 0-0: Ball
1-0: Ball
2-0: Fly out, F7 (Flyball, 78M)
Runner from 3rd tags up, SCORES, throw made
Pinch Hitting: RHB Daniel Robert 0-0: Called Strike
0-1: Ball
1-1: Ball
2-1: Fly out, F7 (Flyball, 7S)
Pinch Hitting: RHB Walton Smith 0-0: Reached on error, E6 (Groundball, 6)
Marvin Workman to third
Steve Bender to second
Batting: RHB Víctor Arredondo 0-0: Called Strike
0-1: Foul Ball, location: 2F
0-2: Ball
1-2: Fly out, F5 (Popup, 5D)
Bottom of the 9th over - 2 run(s), 1 hit(s), 2 error(s), 3 left on base; Albuquerque 6 - Vancouver 4
Tuesday, August 8th, 2017 - OOTP Baseball 17.12 Build 75